 Dungeon Crawl Stone Soup version 0.30.1-4-g462c640d31 (webtiles) character file.

Game seed: 2441185216992286514

351 booth the Chopper (level 6, 0/55 HPs)
             Began as a Hill Orc Fighter on Sept 2, 2023.
             Was an Initiate of Beogh.
             Slain by a gnoll
             ... wielding a +0 scythe
              (7 damage)
             ... on level 5 of the Dungeon.
             The game lasted 00:18:16 (3448 turns).

booth the Chopper (Hill Orc Fighter)                Turns: 3448, Time: 00:18:16

Health: 0/55       AC: 10    Str: 19    XL:     6   Next: 61%
Magic:  6/6        EV:  9    Int:  8    God:    Beogh [......]
Gold:   191        SH:  5    Dex: 12    Spells: 5/5 levels left

rFire   . . .        a - +0 war axe (vamp)
rCold   + . .        c - +0 buckler
rNeg    . . .        b - +0 scale mail
rPois   .            x - +1 hat
rElec   .            (no cloak)
rCorr   .            z - +0 pair of gloves
SInv    .            v - +0 pair of boots
Will    .....        (no amulet) Stlth
                     (no ring)
HPRegen 0.29/turn    (no ring)
MPRegen 0.10/turn

%: no passive effects
@: about to teleport
A: antennae 1, hooves 1, cold resistance 1
a: Renounce Religion


You were on level 5 of the Dungeon.
You worshipped Beogh.
Beogh was noncommittal.
You visited 1 branch of the dungeon, and saw 5 of its levels.

You collected 191 gold pieces.

Inventory:

Hand Weapons
 a - a +0 vampiric war axe (weapon)
 s - a +3 mace
Missiles
 l - 5 poisoned darts (quivered)
 r - 10 boomerangs
 t - a throwing net
Armour
 b - a +0 scale mail (worn)
 c - a +0 buckler (worn)
 i - a +0 chain mail
 v - a +0 pair of boots (worn)
 x - a +1 hat (worn)
 z - a +0 pair of gloves (worn)
Wands
 q - a wand of flame (17)
 w - a wand of iceblast (12)
Scrolls
 f - a scroll of blinking
 g - a scroll of fear
 j - a scroll of teleportation
 m - a scroll of silence {unknown}
 n - a scroll of amnesia {unknown}
 u - a scroll of magic mapping
Potions
 d - 2 potions of might
 h - a potion of resistance {unknown}
 k - 2 potions of lignification
 o - a potion of brilliance {unknown}


   Skills:
 + Level 4.8 Fighting
 * Level 5.6 Axes
 + Level 2.0 Throwing
 + Level 4.5 Armour
 + Level 4.3 Shields


You had 5 spell levels left.
You didn't know any spells.
Your spell library contained the following spells:

 Spells                   Type           Power      Damage    Failure   Level
 Hailstorm                Conj/Ice       0%         3d3       99%         3
 Volatile Blastmotes      Fire/Tloc      0%         2d10      99%         3
 Fulminant Prism          Conj/Hex       0%         3d5       100%        4
 Ice Form                 Ice/Tmut       0%         N/A       100%        4
 Iskenderun's Mystic Bla  Conj/Tloc      0%         2d3       100%        4
 Lee's Rapid Deconstruct  Erth           0%         3d4*      100%        5
 Simulacrum               Ice/Necr       0%         N/A       100%        6


Dungeon Overview and Level Annotations

Branches:
Dungeon (5/15)
 Temple: D:4-7

Altars:
Cheibriados
Uskayaw
The Shining One


Innate Abilities, Weirdness & Mutations

You have a pair of small antennae on your head.
You have large cloven feet.
Your flesh is cold resistant. (rC+)


Message History

You hit the white imp.
You kill the white imp!
Beogh accepts your kill.
Your Throwing skill increases to level 2!
You sense a monster nearby.
You open the door.
A gnoll and 2 hobgoblins come into view.
The gnoll shouts!
The hobgoblin shouts!
The gnoll hits you from afar with a +0 scythe!
The hobgoblin hits you from afar with a +0 scythe.
The hobgoblin hits you with a +0 scythe.
The gnoll hits you with a +0 scythe.
The hobgoblin hits you with a +0 scythe.
There is an open door, spattered with blood here.
You barely miss the gnoll. You closely miss the hobgoblin.
You hit the hobgoblin but do no damage.
The hobgoblin hits you with a +0 scythe.
The gnoll hits you with a +0 scythe! You block the hobgoblin's attack.
You hit the gnoll.
You feel better.
The gnoll is moderately wounded.
You closely miss the hobgoblin. You barely miss the hobgoblin.
The hobgoblin barely misses you. The gnoll hits you with a +0 scythe!
* * * LOW HITPOINT WARNING * * *
The hobgoblin hits you with a +0 scythe.
* * * LOW HITPOINT WARNING * * *
The hobgoblin hits you but does no damage.
The gnoll hits you but does no damage. The hobgoblin barely misses you.
You feel much better. The hobgoblin barely misses you.
The gnoll hits you with a +0 scythe!
* * * LOW HITPOINT WARNING * * *
The hobgoblin hits you with a +0 scythe.
* * * LOW HITPOINT WARNING * * *
The hobgoblin attacks as you move away! You block the hobgoblin's attack.
The gnoll hits you from afar with a +0 scythe.
* * * LOW HITPOINT WARNING * * *
You block the hobgoblin's attack.
As you read the scroll of teleportation, it crumbles to dust.
You feel strangely unstable. The hobgoblin barely misses you.
The gnoll hits you from afar with a +0 scythe!
You die...

#### #..####
#..#g.# #..'g.#
#.@#..# #..####
.# #.....# .#
#.....# .+
#.....###.#
###.....#.######
#.....#.......
#.....#..........
#.....'..........


You could see a gnoll and a hobgoblin.

Vanquished Creatures
  A black bear (D:4)
  A hound (D:4)
  Terence (D:2)
  6 adders
  7 gnolls
  A white imp (D:5)
  2 worms
  A dart slug (D:1)
  5 orcs (D:3)
  4 ball pythons
  6 bats
  3 endoplasms
  3 giant cockroaches
  5 goblins
  6 hobgoblins
  2 jackals (D:3)
  2 quokkas (D:1)
  4 frilled lizards
  5 kobolds
  4 rats
69 creatures vanquished.

Notes
Turn   | Place    | Note
-------+----------+-------------------------------------------
     0 | D:1      | booth the Hill Orc Fighter began the quest for the Orb.
     0 | D:1      | Reached XP level 1. HP: 19/19 MP: 1/1
   162 | D:1      | Reached skill level 3 in Axes
   162 | D:1      | Reached XP level 2. HP: 22/27 MP: 2/2
   370 | D:1      | Reached XP level 3. HP: 33/33 MP: 3/3
   705 | D:1      | Found a faded altar of an unknown god.
   705 | D:1      | Noticed an orange demon
   807 | D:1      | Gained mutation: Your flesh is cold resistant. (rC+)
                  | [potion of mutation]
   807 | D:1      | Gained mutation: You have large cloven feet. [potion of
                  | mutation]
   807 | D:1      | Gained mutation: You have a pair of small antennae on your
                  | head. [potion of mutation]
  1382 | D:2      | Noticed Terence
  1391 | D:2      | Killed Terence
  1392 | D:2      | Reached skill level 4 in Axes
  1392 | D:2      | Reached XP level 4. HP: 15/40 MP: 4/4
  1705 | D:3      | Found a hide-covered altar of Uskayaw.
  1830 | D:3      | Reached skill level 1 in Throwing
  2301 | D:3      | Found a glowing golden altar of the Shining One.
  2331 | D:3      | Reached XP level 5. HP: 46/46 MP: 5/5
  2332 | D:3      | Became a worshipper of Beogh the Brigand
  2940 | D:4      | Noticed a black bear
  2952 | D:4      | Killed a black bear
  2953 | D:4      | Reached skill level 5 in Axes
  2953 | D:4      | Reached XP level 6. HP: 53/53 MP: 6/6
  2956 | D:4      | Found a snail-covered altar of Cheibriados.
  3332 | D:5      | Entered Level 5 of the Dungeon
  3448 | D:5      | Slain by a gnoll

Illustrated notes

Levels and vault maps discovered:
D:1:      amcnicky_arrival_flooded_fountain, layout_basic,
          dreamdust_ecumenical_altar_sealed_demon,
          nicolae_concentric_dashed_squares_mild, minmay_misc_feat_tiny,
          moated_statue
D:2:      layout_loops_ring, uniq_terence
D:3:      layout_basic, mainiacjoe_overflow_tiny_flanked, marbit_many_paths
D:4:      layout_cave_pools, cheibriados_altar_1
D:5:      layout_gridville, minmay_temple_entry_statues_pillars, serial_shops,
          nicolae_shop_just_a_little_nook, sigmund_army, uniq_ijyb, uniq_pikel

Skill      XL: |  1  2  3  4  5  6 |
---------------+-------------------+-----
Axes           | 3 4 5 |  5.6
Fighting       | 4 |  4.8
Throwing       | 1 2 |  2.0
Armour         | 4 |  4.5
Shields        | 4 |  4.3

Action                     |  1- 3 |  4- 6 || total
---------------------------+-------+-------++-------
  Melee: War axe           |    93 |   123 ||   216
         Kick              |     2 |     9 ||    11
 Invoke: Convert to Beogh  |       |     1 ||     1
    Use: Scroll            |     4 |     6 ||    10
         Potion            |     2 |     3 ||     5
 Armour: Scale mail        |    53 |    55 ||   108
  Dodge: Dodged            |    53 |    66 ||   119
  Block: Buckler           |    21 |    27 ||    48
